 Dungeon Crawl Stone Soup version 0.30.0-5-g1a98f26d00 (webtiles) character file.

Game seed: 6286305027346641904

108 Klatu the Trooper (level 4, -1/41 HPs)
             Began as a Demigod Brigand on May 9, 2023.
             Slain by a gnoll
             ... wielding a +0 spear
              (2 damage)
             ... on level 2 of the Dungeon.
             The game lasted 00:18:03 (3625 turns).

Klatu the Trooper (Demigod Brigand)                 Turns: 3625, Time: 00:18:04

Health: -1/41      AC:  7    Str: 16    XL:     4   Next: 33%
Magic:  6/6        EV: 11    Int: 13    God:
Gold:   62         SH:  3    Dex: 15    Spells: 3/3 levels left

rFire   . . .        p - +0 rapier
rCold   . . .        k - +0 buckler
rNeg    . . .        b - +0 robe
rPois   .            (no helmet)
rElec   .            c - +0 cloak
rCorr   .            (no gloves)
SInv    .            (no boots)
Will    .....        (no amulet)
Stlth   ++           g - +4 ring of protection
HPRegen 0.26/turn    (no ring)
MPRegen 0.10/turn

%: no passive effects
@: brilliant
A: high MP 1, forlorn, divine attributes
a: no special abilities


You were on level 2 of the Dungeon.
You visited 1 branch of the dungeon, and saw 3 of its levels.

You collected 62 gold pieces.

Inventory:

Hand Weapons
 p - a +0 rapier (weapon)
Missiles
 d - 9 poisoned darts (quivered)
 e - 3 curare-tipped darts
Armour
 b - a +0 robe (worn)
 c - a +0 cloak (worn)
 k - a +0 buckler (worn)
Jewellery
 g - a +4 ring of protection (left hand)
 n - an amulet of magic regeneration
Scrolls
 l - 2 scrolls of noise


   Skills:
 + Level 4.4 Fighting
 - Level 1.7 Short Blades
 - Level 1.7 Throwing
 - Level 0.8 Dodging
 - Level 3.6 Stealth


You had 3 spell levels left.
You didn't know any spells.
Your spell library contained the following spells:

 Spells                   Type           Power      Damage    Failure   Level
 Beastly Appendage        Tmut           0%         N/A       38%         1
 Wereblood                Tmut           0%         N/A       52%         2
 Spider Form              Tmut/Pois      0%         N/A       77%         3


Dungeon Overview and Level Annotations

Branches:
Dungeon (3/15)

Annotations:
D:2 exclusions: 7 gnolls and 1 more exclusion, Sigmund
D:3 Jessica


Innate Abilities, Weirdness & Mutations

You have an increased reservoir of magic. (+10% MP)
You shall have no god before yourself.
Your divine heritage dramatically boosts your attributes as you level up.


Message History

You hit the gnoll.
The gnoll is severely wounded.
The gnoll hits you with a +0 spear. The gnoll closely misses you.
You hit the gnoll but do no damage.
The gnoll is severely wounded.
The gnoll misses you.
The gnoll hits you from afar with a +0 halberd!
* * * LOW HITPOINT WARNING * * *
You hit the gnoll but do no damage.
The gnoll is severely wounded.
The gnoll hits you with a +0 spear.
* * * LOW HITPOINT WARNING * * *
The gnoll misses you.
It was a potion of brilliance.
You feel clever all of a sudden. You block the gnoll's attack.
The gnoll hits you from afar with a +0 halberd.
* * * LOW HITPOINT WARNING * * *
You hit the gnoll but do no damage.
The gnoll is severely wounded.
You block the gnoll's attack. The gnoll closely misses you.
The air fills with toxic fumes!
As you read the scroll labelled OREIWA JIOCSE, it crumbles to dust.
It was a scroll of poison.
The gnoll closely misses you. The gnoll barely misses you.
Really walk into that cloud of poison gas? [Y]es or [N]o only, please.
Really walk into that cloud of poison gas?
Okay, then.
Unknown command.
As you read the scroll labelled OQUAP GIOKOSK, it crumbles to dust.
You feel aware of your surroundings.
It was a scroll of magic mapping.
The gnoll hits you with a +0 spear.
* * * LOW HITPOINT WARNING * * *
You block the gnoll's attack.
As you read the scroll labelled HITHUG SYONN, it crumbles to dust.
It is a scroll of identify.
l - 2 scrolls of noise The gnoll hits you with a +0 spear.
You die...

###### ##..... ###########..####
#§§........).## ###
#§#######.....# ..# ####§#
##...## #.# #§g@§# ##.## #.#
#g#### #.# #.# #.# #.# #.#####
#.# ##g## #.....# #(# ##...##
#####.# #g#### ##.....## ##.#.#
#[##.## ##.......##
##....########.#...####.........#
..........<......g.g..'.....<...'


You could see 2 gnolls.

Vanquished Creatures
  Natasha (twice) (D:2)
  An adder (D:2)
  A worm (D:2)
  6 endoplasms
  2 giant cockroaches (D:1)
  3 hobgoblins
  4 jackals (D:2)
  8 ball pythons
  4 bats
  5 frilled lizards
  A goblin (D:1)
  8 kobolds
  2 rats (D:2)
47 creatures vanquished.

Notes
Turn   | Place    | Note
-------+----------+-------------------------------------------
     0 | D:1      | Klatu the Demigod Brigand began the quest for the Orb.
     0 | D:1      | Reached XP level 1. HP: 17/17 MP: 3/3
   202 | D:1      | Reached skill level 2 in Fighting
   829 | D:1      | Reached XP level 2. HP: 25/25 MP: 4/4
  1900 | D:1      | Reached skill level 3 in Fighting
  2214 | D:2      | Reached XP level 3. HP: 31/31 MP: 5/5
  2595 | D:2      | Noticed Sigmund
  2657 | D:2      | Noticed Natasha
  2672 | D:2      | Killed Natasha
  2673 | D:2      | Reached skill level 4 in Fighting
  3179 | D:2      | Noticed Natasha
  3220 | D:2      | Killed Natasha
  3221 | D:2      | Reached XP level 4. HP: 10/41 MP: 6/6
  3537 | D:3      | Noticed Jessica
  3624 | D:2      | HP: 1/41 [gnoll/+0 spear (4)]
  3625 | D:2      | Slain by a gnoll

Illustrated notes

Levels and vault maps discovered:
D:1:      dpeg_arrival_court, layout_basic
D:2:      layout_loops_corners, basic_altar, uniq_natasha, uniq_sigmund
D:3:      layout_loops_cross, kennysheep_generic_room_9, uniq_terence,
          uniq_jessica

Skill      XL: |  1  2  3 |
---------------+----------+-----
Fighting       | 2 3 4 |  4.4
Short Blades   | |  1.7
Throwing       | |  1.7
Dodging        | |  0.8
Stealth        | |  3.6

Action                     |  1- 3 |  4- 6 || total
---------------------------+-------+-------++-------
  Melee: Dagger            |   130 |       ||   130
         Rapier            |     8 |    22 ||    30
    Use: Potion            |     2 |     1 ||     3
         Scroll            |       |     3 ||     3
   Stab: Sleeping          |    17 |       ||    17
 Armour: Robe              |    36 |    23 ||    59
  Dodge: Dodged            |    52 |    25 ||    77
  Block: Buckler           |     3 |    10 ||    13
